 Dungeon Crawl Stone Soup version 0.27.1-34-g3ba077fa99 (webtiles) character file.

Game seed: 15298233188382621353

126 Arum the Shield-Bearer (level 5, -8/43 HPs)
             Began as a Formicid Fighter on Jan 13, 2022.
             Killed from afar by an orc wizard (12 damage)
             ... with a puff of flame
             ... on level 3 of the Dungeon.
             The game lasted 00:02:05 (2663 turns).

Arum the Shield-Bearer (Formicid Fighter)           Turns: 2663, Time: 00:02:05

Health: -8/43      AC:  6    Str: 22    XL:     5   Next: 31%
Magic:  5/5        EV: 12    Int:  7    God:
Gold:   157        SH:  0    Dex: 10    Spells: 4/4 levels left

rFire    . . .     SeeInvis +   k - +0 hand axe (vorpal)
rCold    . . .     Faith    .   c - +0 kite shield
rNeg     . . .     Spirit   .   b - +0 scale mail
rPois    .         Reflect  .   (helmet unavailable)
rElec    .         Harm     .   (no cloak)
rCorr    .         Rampage  .   (no gloves)
Will     .....                  (no boots)
Stlth    ..........             (no amulet)
HPRegen  0.14/turn              i - +4 ring of evasion
MPRegen  0.09/turn              (no ring)

@: confused
A: permanent stasis, dig shafts and tunnels, antennae 3, four strong arms
a: Dig, Shaft Self


You were on level 3 of the Dungeon.
You visited 1 branch of the dungeon, and saw 3 of its levels.

You collected 157 gold pieces.

Inventory:

Hand Weapons
 a - a +0 war axe
 k - a +0 vorpal hand axe (weapon)
Armour
 b - a +0 scale mail (worn)
 c - a +0 kite shield (worn)
Jewellery
 i - a +4 ring of evasion (left hand)
Scrolls
 e - 2 scrolls of fog {unknown}
 f - a scroll of brand weapon {unknown}
 j - a scroll of fear {unknown}
Potions
 d - a potion of might
 g - 2 potions of curing {unknown}
 h - a potion of flight {unknown}


   Skills:
 + Level 4.5 Fighting
 + Level 3.2 Axes
 - Level 3.2 Armour
 + Level 4.9 Shields


You had 4 spell levels left.
You didn't know any spells.
Your spell library contained the following spells:

 Spells                   Type           Power      Damage    Failure   Level
 Freeze                   Ice            0%         1d3       96%         1
 Sting                    Tmut/Pois      0%         1d3       96%         1
 Poisonous Vapours        Pois/Air       0%         N/A       99%         2
 Frozen Ramparts          Ice            0%         1d2       100%        3
 Hailstorm                Conj/Ice       0%         3d3       100%        4
 Olgreb's Toxic Radiance  Pois           0%         N/A       100%        4


Dungeon Overview and Level Annotations

Branches:
Dungeon (3/15)

Altars:
Yredelemnul


Innate Abilities, Weirdness & Mutations

You cannot be hasted, slowed, berserked, paralysed or teleported.
You can dig through walls and to a lower floor.
You have a pair of large antennae on your head. (SInv)
Your four strong arms can wield two-handed weapons with a shield.


Message History

The orc wizard hits you but does no damage. x2
The orc wizard hits you with a +0 dagger.
The orc wizard hits you but does no damage.
You miss the orc wizard.
The orc wizard is severely wounded.
You closely miss the orc wizard.
The orc wizard hits you but does no damage. x2
You bump into the rock wall.
The orc wizard closely misses you. The orc wizard misses you.
You bump into the rock wall.
The orc wizard hits you but does no damage. x2
You hit the orc wizard but do no damage.
The orc wizard is lightly wounded.
You miss the orc wizard.
You feel less confused.
The orc wizard hits you with a +0 dagger.
The orc wizard misses you.
You hit the orc wizard.
The orc wizard is almost dead.
You hit the orc wizard but do no damage.
You hit the orc but do no damage. The orc hits you with a +0 falchion.
The orc wizard hits you but does no damage.
The orc wizard gestures at you while chanting.
The magic dart hits you!
* * * LOW HITPOINT WARNING * * *
You block the orc's attack.
The orc wizard hits you with a +0 dagger.
* * * LOW HITPOINT WARNING * * *
The orc wizard hits you with a +0 dagger.
* * * LOW HITPOINT WARNING * * *
You miss the orc wizard.
The orc wizard is almost dead.
You hit the orc. You closely miss the orc wizard. The orc closely misses you.
The orc wizard casts a spell at you.
You are confused.
The orc wizard hits you with a +0 dagger.
* * * LOW HITPOINT WARNING * * *
The orc wizard casts a spell at you. The puff of flame hits you!
You die...

#. ... #.# #.# .. ..# #.... #.#
.# ... ..#.# ##.## ##.####.#
#.#.# ##...## #.......# #.#.#
#.....####.......# #.#.#
#.......>..#####.####.#.#
#.....###..##.........#)###
#####...## #..##@......รท..)..#
......### #...oo##.###.####.#
#####.# ##...o...# #.####.####
#.# ####.#### #.##....... #.#
##.## #.##.#.#### ####.#### #...#
#.##.#.# ##.......#
#...#####......#### ##.......#
#.........##.....##
##..#.##.######(..###...##.###.##


You could see 2 orc wizards and an orc.

Vanquished Creatures
  An orc wizard (D:3)
  A gnoll (D:1)
  3 adders
  2 worms (D:2)
  2 dart slugs
  8 orcs (D:3)
  5 bats
  2 endoplasms (D:1)
  A giant cockroach (D:1)
  4 goblins
  3 hobgoblins (D:1)
  4 quokkas
  5 ball pythons
  3 frilled lizards
  4 kobolds
  A rat (D:1)
49 creatures vanquished.

Vanquished Creatures (others)
  3 plants (D:1)
3 creatures vanquished.

Grand Total: 52 creatures vanquished

Notes
Turn   | Place    | Note
-------+----------+-------------------------------------------
     0 | D:1      | Arum the Formicid Fighter began the quest for the Orb.
     0 | D:1      | Reached XP level 1. HP: 18/18 MP: 1/1
   246 | D:1      | Reached XP level 2. HP: 24/24 MP: 2/2
   717 | D:1      | Reached XP level 3. HP: 19/30 MP: 3/3
  1390 | D:2      | Found a basalt altar of Yredelemnul.
  1553 | D:2      | Found a faded altar of an unknown god.
  1680 | D:2      | Reached XP level 4. HP: 37/37 MP: 4/4
  2422 | D:3      | Reached XP level 5. HP: 38/43 MP: 5/5
  2663 | D:3      | Killed from afar by an orc wizard

Illustrated notes

Levels and vault maps discovered:
D:1:      giann_bridges, layout_basic, minmay_split_cup_small
D:2:      layout_loops_ring, basic_altar, ebering_ecumenical_altar_hall,
          minmay_pentomino_pile
D:3:      layout_loops_cross

Skill      XL: |  1  2  3  4 |
---------------+-------------+-----
Shields        | 4 |  4.9
Fighting       | 4 |  4.5
Axes           | 3 |  3.2
Armour         | |  3.2

Action                   |  1- 3 |  4- 6 || total
-------------------------+-------+-------++-------
Melee: War axe           |   101 |    52 ||   153
       Hand axe          |       |    17 ||    17
Armor: Scale mail        |    42 |    30 ||    72
Dodge: Dodged            |    34 |    44 ||    78
Block: Kite shield       |    41 |    38 ||    79
